 Dungeon Crawl Stone Soup version 0.31.0-32-g396128a36d (webtiles) character file.

Game seed: 9268161159654888752

354 Silvore the Covered (level 6, -1/53 HPs)
             Began as a Minotaur Fighter on Apr 12, 2024.
             Was an Initiate of Elyvilon.
             Slain by a gnoll sergeant
             ... wielding a +0 spear
              (7 damage)
             ... on level 5 of the Dungeon.
             The game lasted 00:02:26 (3192 turns).

Silvore the Covered (Minotaur Fighter)              Turns: 3192, Time: 00:02:27

Health: -1/53      AC:  8    Str: 22    XL:     6   Next: 35%
Magic:  5/5        EV:  9    Int:  5    God:    Elyvilon [......]
Gold:   360        SH:  5    Dex: 10    Spells: 5/5 levels left

rFire   . . .        a - +1 flail
rCold   . . .        c - +1 buckler
rNeg    . . .        b - +0 scale mail
rPois   .            q - +1 hat
rElec   .            (no cloak)
rCorr   .            (no gloves)
SInv    .            (no boots)
Will    .....        (no amulet) Stlth
                     (no ring)
HPRegen 0.28/turn    (no ring)
MPRegen 0.09/turn

%: no passive effects
@: mighty
A: horns 2, retaliatory headbutt
a: Renounce Religion


You were on level 5 of the Dungeon.
You worshipped Elyvilon.
Elyvilon was noncommittal.
You visited 1 branch of the dungeon, and saw 5 of its levels.

You collected 360 gold pieces.

Inventory:

Hand Weapons
 a - a +1 flail (weapon)
Armour
 b - a +0 scale mail (worn)
 c - a +1 buckler (worn)
 q - a +1 hat (worn)
Wands
 k - a wand of flame (43)
Scrolls
 e - a scroll of enchant armour
 j - a scroll of identify
Potions
 d - 2 potions of might
 f - a potion of haste
 g - 3 potions of heal wounds
 h - 3 potions of degeneration
 i - a potion of curing
 l - a potion of lignification {unknown}
 m - a potion of enlightenment {unknown}
 o - 2 potions of attraction
 p - a potion of magic {unknown}
 s - a potion of brilliance {unknown}


   Skills:
 + Level 4.4 Fighting
 + Level 5.0 Maces & Flails
 + Level 5.9 Armour
 + Level 0.6 Dodging
 + Level 0.2 Stealth
 + Level 4.8 Shields


You had 5 spell levels left.
You didn't know any spells.
Your spell library was empty.

Dungeon Overview and Level Annotations

Branches:
Dungeon (5/15)
 Temple: D:4-7

Altars:
Dithmenos
Elyvilon
Makhleb

Shops:
D:4 !


Innate Abilities, Weirdness & Mutations

You have a pair of horns on your head.
You reflexively headbutt those who attack you in melee.


Message History

A gnoll comes into view. It is wielding a +0 club.
A gnoll comes into view. It is wielding a +0 flail.
The gnoll hits you from afar with a +0 vampiric halberd.
The gnoll barely misses you. You furiously retaliate!
You headbutt the gnoll!
The gnoll sergeant hits you from afar with a +0 spear.
You hit the gnoll but do no damage.
The gnoll is heavily wounded.
The gnoll sergeant hits you from afar with a +0 spear.
The gnoll hits you with a +0 vampiric halberd!
The gnoll draws strength from your wounds!
You hit the gnoll.
The gnoll is moderately wounded.
You block the gnoll's attack.
The gnoll sergeant hits you from afar with a +0 spear.
You barely miss the gnoll.
The gnoll is moderately wounded.
The gnoll sergeant hits you from afar with a +0 spear.
A sleepcap comes into view.
The gnoll hits you with a +0 vampiric halberd!
The gnoll draws strength from your wounds!
You sock the gnoll! Your headbutt misses the gnoll.
The gnoll is severely wounded.
The gnoll closely misses you. The gnoll sergeant barely misses you.
You hit the gnoll.
You kill the gnoll!
The gnoll sergeant hits you from afar with a +0 spear.
The gnoll sergeant hits you from afar with a +0 spear!
* * * LOW HITPOINT WARNING * * *
The gnoll sergeant hits you with a +0 spear.
* * * LOW HITPOINT WARNING * * *
You see here a +0 vampiric halberd.
You sock the gnoll sergeant!
The gnoll sergeant is heavily wounded.
You block the gnoll sergeant's attack.
You feel very mighty all of a sudden.
The gnoll sergeant hits you but does no damage.
You closely miss the gnoll sergeant.
The gnoll sergeant is heavily wounded.
The gnoll sergeant hits you with a +0 spear!
You die...

#.# #.# ### #.#
#..
###.###########.#
................#
########.######.#
#.# ####.#
#.###....#####.#
#.#.)..##.@gggf.#
##.############.#
##


You could see a sleepcap, a gnoll sergeant and 2 gnolls.

Vanquished Creatures
  An ogre (D:4)
  A hound (D:5)
  A gnoll bouda (D:4)
  An orc priest (D:3)
  2 orc wizards (D:5)
  An adder (D:4)
  4 gnolls
  4 dart slugs
  7 orcs
  2 bats
  5 endoplasms
  3 giant cockroaches
  3 goblins
  9 hobgoblins
  2 jackals (D:1)
  2 quokkas (D:1)
  4 ball pythons
  4 frilled lizards
  12 kobolds
  6 rats
74 creatures vanquished.

Notes
Turn   | Place    | Note
-------+----------+-------------------------------------------
     0 | D:1      | Silvore the Minotaur Fighter began the quest for the Orb.
     0 | D:1      | Reached XP level 1. HP: 19/19 MP: 0/0
   127 | D:1      | Reached XP level 2. HP: 26/27 MP: 1/1
   194 | D:1      | Found a faded altar of an unknown god.
   832 | D:2      | Reached XP level 3. HP: 29/33 MP: 2/2
  1568 | D:3      | Reached XP level 4. HP: 21/40 MP: 3/3
  2328 | D:4      | Noticed an ogre
  2332 | D:4      | Killed an ogre
  2333 | D:4      | Reached skill level 5 in Armour
  2333 | D:4      | Reached XP level 5. HP: 31/47 MP: 4/4
  2410 | D:4      | Found a shadowy altar of Dithmenos.
  2410 | D:4      | Found a burning altar of Makhleb.
  2489 | D:4      | Found Qahem's Distillery.
  2692 | D:4      | Found a white marble altar of Elyvilon.
  2721 | D:4      | Became a worshipper of Elyvilon the Healer
  2924 | D:5      | Entered Level 5 of the Dungeon
  2947 | D:5      | Reached XP level 6. HP: 33/53 MP: 5/5
  3075 | D:5      | Reached skill level 5 in Maces & Flails
  3177 | D:5      | Identified the +4 dagger of Parts Unknown {drain, rElec rC-
                  | Str+2 Dex+3}
  3192 | D:5      | Slain by a gnoll sergeant

Illustrated notes

Levels and vault maps discovered:
D:1:      lemuel_arrival_muddy, layout_basic,
          shapermc_ecumenical_altar_starsandcircs
D:2:      layout_basic, serial_bayou_pond_e
D:3:      layout_loops_ring, serial_rivers, chequers_serial_rivers_marsh,
          chequers_serial_rivers_micro_c, chequers_serial_rivers_large_a,
          chequers_serial_rivers_small_3, chequers_serial_rivers_micro_b,
          chequers_serial_rivers_marsh, grunt_decor_cap,
          dreamdust_princess_corridor, minmay_misc_feat_doors
D:4:      layout_rooms, mainiacjoe_overflow_tiny_flanked, jmf_multi_god_temple,
          serial_shops, shop
D:5:      layout_loops_ring

Skill      XL: |  1  2  3  4  5  6 |
---------------+-------------------+-----
Armour         | 4 5 |  5.9
Shields        | 4 |  4.8
Fighting       | 4 |  4.4
Maces & Flails | 3 4 5 |  5.0
Dodging        | |  0.6
Stealth        | |  0.2

Action                     |  1- 3 |  4- 6 || total
---------------------------+-------+-------++-------
  Melee: Flail             |   108 |    88 ||   196
         Headbutt          |    11 |    16 ||    27
    Use: Scroll            |     4 |     6 ||    10
         Potion            |       |     1 ||     1
 Armour: Scale mail        |    62 |    97 ||   159
  Dodge: Dodged            |    38 |    39 ||    77
  Block: Buckler           |    20 |    24 ||    44
